 Dungeon Crawl Stone Soup version 0.31-a0-233-g139696dc86 (webtiles) character file.

Game seed: 7981059202815852162

4 qw the Shooter (level 1, -3/16 HPs)
             Began as a Minotaur Hexslinger on July 7, 2023.
             Slain by a gnoll
             ... wielding a +0 halberd
              (11 damage)
             ... on level 2 of the Dungeon.
             The game lasted 00:00:03 (132 turns).

qw the Shooter (Minotaur Hexslinger)                 Turns: 132, Time: 00:00:04

Health: -3/16      AC:  5    Str: 12    XL:     1   Next: 50%
Magic:  1/1        EV: 10    Int: 10    God:
Gold:   11         SH:  0    Dex: 12    Spells: 1/2 levels left

rFire   . . .        Y - +2 sling
rCold   . . .        (no shield)
rNeg    . . .        g - +0 ring mail
rPois   .            (helmet restricted)
rElec   .            (no cloak)
rCorr   .            (no gloves)
SInv    .            (no boots)
Will    .....        (no amulet)
Stlth   +            (no ring)
HPRegen 0.22/turn    (no ring)
MPRegen 0.07/turn

%: no passive effects
@: no status effects
A: horns 2, retaliatory headbutt
a: no special abilities


You were on level 2 of the Dungeon.
You visited 1 branch of the dungeon, and saw 2 of its levels.

You collected 11 gold pieces.


Innate Abilities, Weirdness & Mutations

You have a pair of horns on your head.
You reflexively headbutt those who attack you in melee.


   Skills:
 - Level 1.2 Fighting
 + Level 2.6 Ranged Weapons
 - Level 2.1 Dodging
 - Level 1.0 Spellcasting
 - Level 2.0 Hexes


You had one spell level left.
You knew the following spells:

 Your Spells              Type           Power      Damage    Failure   Level
a - Slow                  Hex            16%        N/A       34%         1

Your spell library contained the following spells:

 Spells                   Type           Power      Damage    Failure   Level
 Inner Flame              Hex/Fire       2%         N/A       83%         3
 Portal Projectile        Hex/Tloc       4%         N/A       83%         3
 Cause Fear               Hex            2%         N/A       98%         4

Inventory:

Hand Weapons
 Y - a +2 sling (weapon)
Armour
 g - a +0 ring mail (worn)
Scrolls
 b - a scroll of poison
 h - a scroll of identify {unknown}
Potions
 f - a potion of enlightenment {unknown}

Dungeon Overview and Level Annotations

Branches:
Dungeon (2/15)

Altars:


Message History

You start waiting.
Your surroundings seem slightly different.
An adder comes into view.
Found a short sword.
The adder hisses angrily.
You hear a shout! x3
You shoot a sling bullet.
The sling bullet closely misses the adder.
The adder bites you but does no damage.
A goblin comes into view. It is wielding a +0 club.
A gnoll comes into view. It is wielding a +0 halberd.
The adder bites you.
You shoot a sling bullet.
The sling bullet barely misses the adder.
The adder barely misses you. The adder misses you.
A goblin comes into view. It is wielding a +0 dagger.
An endoplasm comes into view.
You shoot a sling bullet.
The sling bullet barely misses the adder.
The sling bullet hits the endoplasm!
You kill the endoplasm!
The adder misses you. The adder bites you but does no damage.
The gnoll hits you but does no damage. The goblin hits you with a +0 club.
You shoot a sling bullet. The sling bullet hits the adder.
The adder is heavily wounded.
The adder bites you but does no damage. The goblin barely misses you.
You furiously retaliate!
You headbutt the goblin, but do no damage.
The gnoll closely misses you. The adder barely misses you.
You shoot a sling bullet. The sling bullet hits the adder.
The adder is severely wounded.
The adder barely misses you.
A worm comes into view.
The gnoll barely misses you. The goblin hits you with a +0 club.
You shoot a sling bullet. The sling bullet hits the adder.
You kill the adder!
The goblin barely misses you. The gnoll closely misses you.
The goblin hits you with a +0 club.
The gnoll hits you from afar with a +0 halberd!
Ouch! That really hurt!
You die...

#......... #.########
#.# #.# #.# #.# #.###
##### #.# #....
...#.##...#####.##.#####
.......@.....:..........
##.#.##gg$....[....#.##.
.g.......##### #+
#.#.#.#.#.+ .. .......#
. )#.#.#.#.#.# .. ...
... ...# ... # #.#.# #
#.# ...# .< ..# ####


You could see a gnoll and 2 goblins.

Vanquished Creatures
  An adder (D:2)
  2 endoplasms
  A bat (D:1)
  A rat (D:2)
5 creatures vanquished.

Notes
Turn   | Place    | Note
-------+----------+-------------------------------------------
     0 | D:1      | qw the Minotaur Hexslinger began the quest for the Orb.
     0 | D:1      | Reached XP level 1. HP: 16/16 MP: 1/1
     0 | D:1      | 0 ||| qw: Version: 0.3-a-46-gb1f654a
     0 | D:1      | 0 ||| qw: Game counter: 3273
     0 | D:1      | 0 ||| qw: Melee chars always use a shield: true
     0 | D:1      | 0 ||| qw: God list: Okawaru
     0 | D:1      | 0 ||| qw: Allow faded altars: false
     0 | D:1      | 0 ||| qw: Do Orc after clearing Dungeon:15 true
     0 | D:1      | 0 ||| qw: Do second Lair branch before Depths: true
     0 | D:1      | 0 ||| qw: Lair rune preference: random
     0 | D:1      | 0 ||| qw: Goals: Normal
     0 | D:1      | 0 ||| PLANNING D:1-11
    51 | D:1      | You fall into a shaft and drop 1 floor!
   110 | D:2      | 110 ||| UPGRADING to +0 ring mail.
   120 | D:2      | 120 ||| DROPPING +0 robe.
   121 | D:2      | 121 ||| READING scroll labelled POAHEI UPLEPPO.
   122 | D:2      | 122 ||| READING scroll labelled WEDIAZ BEANE.
   132 | D:2      | Slain by a gnoll

Levels and vault maps discovered:
D:1:      dpeg_arrival_pits, layout_loops_corners,
          hellmonk_ecumenical_altar_inner_sanctum
D:2:      layout_basic, st_stairs_9, minmay_misc_feat_rows,
          kennysheep_generic_room_14

Action                     || total
---------------------------++-------
   Fire: Sling             ||    14
    Use: Scroll            ||     2
 Armour: Ring mail         ||     4
         Robe              ||     1
  Dodge: Dodged            ||    10

Table legend:
 A = Non-vault XP
 B = Vault XP
 C = Vault XP percentage of total XP
 D = Non-vault monster count
 E = Vault monster count
 F = Vault count percentage of total count
                 A         B        C        D         E       F
            +---------+---------+-------+---------+---------+-------
      Total |      20 |       0 |   0.0 |       5 |       0 |   0.0
            +---------+---------+-------+---------+---------+-------
        D:1 |       3 |       0 |   0.0 |       2 |       0 |   0.0
        D:2 |      17 |       0 |   0.0 |       3 |       0 |   0.0
            +---------+---------+-------+---------+---------+-------
